 Dungeon Crawl Stone Soup version 0.27-a0-732-ga892ba84f6 (webtiles) character file.

Game seed: 17940824910897718040

13 rageheart7 the Bolt Thrower (level 2, 0/26 HPs)
             Began as a Gnoll Wanderer on Mar 23, 2021.
             Slain by a worker ant (6 damage)
             ... on level 2 of the Dungeon.
             The game lasted 00:00:51 (847 turns).

rageheart7 the Bolt Thrower (Gnoll Wanderer)         Turns: 847, Time: 00:00:52

Health: 0/26       AC:  9    Str: 13    XL:     2   Next: 37%
Magic:  2/2        EV:  9    Int: 13    God:
Gold:   51         SH:  0    Dex:  7    Spells: 1/1 levels left

rFire    . . .     SeeInvis .   a - +0 club
rCold    . . .     Faith    .   (no shield)
rNeg     . . .     Spirit   .   d - +2 scale mail
rPois    .         Reflect  .   (no helmet)
rElec    .         Harm     .   (no cloak)
rCorr    .         Rampage  .   (no gloves)
Will     .....                  (no boots)
Stlth    ..........             (no amulet)
HPRegen  0.08/turn              (no ring)
MPRegen  0.08/turn              (no ring)

@: no status effects
A: fangs 1, strong nose, distributed training
a: no special abilities


You were on level 2 of the Dungeon.
You visited 1 branch of the dungeon, and saw 2 of its levels.

You collected 51 gold pieces.

Inventory:

Hand Weapons
 a - a +0 club (weapon)
Armour
 d - a +2 scale mail (worn)
Wands
 c - a wand of random effects (15) (quivered)
Scrolls
 b - a scroll of teleportation
 e - a scroll of enchant armour {unknown}
 f - a scroll of fear {unknown}
 g - a scroll of identify {unknown}
 h - 2 scrolls of magic mapping {unknown}
 i - a scroll of amnesia {unknown}


   Skills:
 + Level 4.5 Fighting
 + Level 0.4 Short Blades
 + Level 0.4 Long Blades
 + Level 0.4 Axes
 + Level 0.4 Maces & Flails
 + Level 0.4 Polearms
 + Level 0.4 Staves
 + Level 0.4 Slings
 + Level 2.5 Bows
 + Level 6.5 Crossbows
 + Level 0.4 Throwing
 + Level 4.5 Armour
 + Level 0.4 Dodging
 + Level 0.4 Stealth
 + Level 0.4 Shields
 + Level 0.4 Unarmed Combat
 + Level 0.4 Spellcasting
 + Level 0.2 Conjurations
 + Level 0.2 Hexes
 + Level 0.2 Summonings
 + Level 0.2 Necromancy
 + Level 0.2 Translocations
 + Level 0.2 Transmutations
 + Level 0.2 Fire Magic
 + Level 0.2 Ice Magic
 + Level 0.2 Air Magic
 + Level 0.2 Earth Magic
 + Level 0.2 Poison Magic
 + Level 0.5 Invocations
 + Level 4.5 Evocations


You had one spell level left.
You didn't know any spells.
Your spell library was empty.

Dungeon Overview and Level Annotations

Branches:
Dungeon (2/15)

Altars:
The Shining One


Innate Abilities, Weirdness & Mutations

You have very sharp teeth.
Your uncanny sense of smell can sniff out nearby items.
Your experience applies equally to all skills.


Message History

You closely miss the worker ant.
The worker ant is heavily wounded.
The worker ant closely misses you. The worm closely misses you.
The worker ant bites you.
You are poisoned.
The worker ant poisons you!
You closely miss the worker ant.
You bite the worker ant, but do no damage.
The worker ant is heavily wounded.
You feel very sick. The worker ant barely misses you.
The worm bites you but does no damage.
You hit the worker ant.
The worker ant is severely wounded.
You feel sick.
The worker ant bites you but does no damage. x2
You closely miss the worker ant.
The worker ant is severely wounded.
You feel sick. The worker ant completely misses you. The worm bites you!
A goblin comes into view. It is wielding a +0 club.
You are too injured to fight recklessly!
You are too injured to fight recklessly!
You are too injured to fight recklessly!
You are too injured to fight recklessly!
You are too injured to fight recklessly!
You are too injured to fight recklessly!
You are too injured to fight recklessly!
You are too injured to fight recklessly!
You are too injured to fight recklessly!
You are too injured to fight recklessly!
You are too injured to fight recklessly!
You are too injured to fight recklessly!
A bat comes into view.
You feel sick.
You are no longer poisoned.
The worker ant barely misses you. x2; The worm bites you.
* * * LOW HITPOINT WARNING * * *
You hit the worker ant but do no damage.
The worker ant is severely wounded.
The worker ant bites you.
You die...

#.#.....
#......
#.....#
#.....# .
#..... ..
#.... ...
##.#.# ....
#..#@# .....
#..#B#.>....
#...bw......
#.....#b....
......##.#
....
..g.#### .#
... #..#. ..
.. #. # .!#
. . ...


You could see a worm, a worker ant and a bat.

Vanquished Creatures
  4 ball pythons (D:1)
  A bat (D:1)
  A goblin (D:1)
  2 hobgoblins (D:1)
  A frilled lizard (D:1)
  3 rats (D:1)
12 creatures vanquished.

Notes
Turn   | Place    | Note
-------+----------+-------------------------------------------
     0 | D:1      | rageheart7 the Gnoll Wanderer began the quest for the Orb.
     0 | D:1      | rageheart7 set off with the following items: a +0 club, a
                  | scroll of teleportation, a wand of random effects (15), a
                  | +2 scale mail
     0 | D:1      | Reached XP level 1. HP: 20/20 MP: 1/1
   507 | D:1      | Reached XP level 2. HP: 25/26 MP: 2/2
   536 | D:1      | Found a glowing golden altar of the Shining One.
   847 | D:2      | Slain by a worker ant

Illustrated notes

Levels and vault maps discovered:
D:1:      minmay_arrival_four_houses, layout_rooms, tso_metal_star
D:2:      cheibrodos_helix_gallery, layout_rooms, serial_shops, shop

Action                   || total
-------------------------++-------
Melee: Club              ||    80
       Bite              ||     5
Armor: Scale mail        ||    58
Dodge: Dodged            ||    65

Table legend: (Time is in decaauts)
 A = Elapsed time spent in this place.
 B = Non-inter-level travel time spent in this place.
 C = Inter-level travel time spent in this place.
 D = Time resting spent in this place.
 E = Time spent auto-exploring this place.
 F = Levels seen in this place.
 G = Mean time per level.
                   A        B        C        D        E       F      G
               +--------+--------+--------+--------+--------+-----+--------+
         Total |    870 |    861 |      9 |      0 |    718 |   2 |  435.0 |
       Dungeon |    870 |    861 |      9 |      0 |    718 |   2 |  435.0 |
               +--------+--------+--------+--------+--------+-----+--------+

Top non-repeatable levels by time:
     D:1: 847 daAuts
     D:2: 22 daAuts
